[ AOE2 MATCH · #481114522 ]
Team RMFranks vs Saracens
[ REPLAY ANALYSIS · EXTRACTED FROM THE RECORDED GAME ]
Feudal
11:24
Castle
16:36
Imperial
30:45
| APM avg | 26.4 |
| APM peak | 60 |
| eAPM avg | 12.8 |
| Villagers / military | 118 / 271 |
Focus
⚔️ 23.4% · 🌾 76.6%
Knight ×262 · Trebuchet (Packed) ×8 · Trade Cart ×2 · Monk ×1
Feudal
10:31
Castle
14:11
Imperial
30:53
| APM avg | 36.1 |
| APM peak | 103 |
| eAPM avg | 14.5 |
| Villagers / military | 134 / 211 |
Focus
⚔️ 29.6% · 🌾 70.4%
Mangudai ×179 · Battering Ram ×22 · Scorpion ×6 · Monk ×3 · Trebuchet (Packed) ×1
Feudal
10:52
Castle
14:35
Imperial
41:10
| APM avg | 46.3 |
| APM peak | 87 |
| eAPM avg | 22.5 |
| Villagers / military | 114 / 176 |
Focus
⚔️ 20.1% · 🌾 79.9%
Conquistador ×111 · Knight ×41 · Battering Ram ×18 · Trebuchet (Packed) ×6 · Trade Cart ×4
Feudal
12:30
Castle
17:25
Imperial
38:00
| APM avg | 14.2 |
| APM peak | 30 |
| eAPM avg | 11.2 |
| Villagers / military | 81 / 406 |
Focus
⚔️ 52.1% · 🌾 47.9%
Camel Scout ×406
Feudal
10:41
Castle
15:22
Imperial
44:06
| APM avg | 27.5 |
| APM peak | 66 |
| eAPM avg | 19.3 |
| Villagers / military | 226 / 286 |
Focus
⚔️ 30.8% · 🌾 69.2%
Skirmisher ×144 · Archer ×128 · Shotel Warrior ×5 · Bombard Cannon ×4 · Monk ×3 · Battering Ram ×1
Feudal
10:28
Castle
15:24
Imperial
27:47
| APM avg | 34.1 |
| APM peak | 80 |
| eAPM avg | 18.9 |
| Villagers / military | 182 / 132 |
Focus
⚔️ 28.2% · 🌾 71.8%
Genoese Crossbowman ×54 · Spearman ×34 · Unknown (882) ×28 · Knight ×22 · Bombard Cannon ×14 · Mangonel ×7
Match map
Initial resources + every placement click. Lines = walls · curves = elevation contours. ◆ gold · ⬟ stone · ● berries · ✦ relic · ◌ wall gap
Your base· ✓ Closed at 16:36 · 0t walls · 2 gate(s)
Padre Ataulfo Remy's base· ✓ Closed at 14:11 · 0t walls · 3 gate(s)
周三打老虎's base· ✓ Closed at 14:35 · 0t walls · 3 gate(s)
_Panelló's base· ✓ Closed at 17:25 · 0t walls · 2 gate(s)
titusgrossus's base· ✓ Closed at 15:22 · 0t walls · 2 gate(s)
showkingguang's base· ✓ Closed at 15:24 · 0t walls · 3 gate(s)
Smoothed initial terrain · ◌ = detected wall gap · hover for details
Inputs per minute
— 南极料理人 - - Padre Ataulfo Remy
Build order — 南极料理人
First 150 of 279 actions detected
| 0:03 | Create | Villager (Male) ×4 |
| 0:06 | Build | House |
| 0:10 | Build | House |
| 1:38 | Create | Villager (Male) |
| 2:09 | Create | Villager (Male) |
| 2:24 | Create | Villager (Male) |
| 2:54 | Create | Villager (Male) |
| 3:05 | Build | House |
| 3:19 | Create | Villager (Male) |
| 3:45 | Create | Villager (Male) |
| 4:05 | Create | Villager (Male) |
| 4:25 | Build | Lumber Camp |
| 4:46 | Build | Mill |
| 4:54 | Create | Villager (Male) ×3 |
| 5:38 | Create | Villager (Male) |
| 5:47 | Build | House |
| 6:16 | Create | Villager (Male) |
| 6:38 | Create | Villager (Male) |
| 6:51 | Create | Villager (Male) |
| 7:22 | Create | Villager (Male) |
| 7:57 | Build | Mining Camp |
| 8:13 | Create | Villager (Male) |
| 8:49 | Research | Loom |
| 9:04 | Research | Feudal Age |
| 9:45 | Build | Farm |
| 9:56 | Build | House |
| 10:14 | Create | Villager (Male) |
| 10:14 | Create | Villager (Male) |
| 10:29 | Build | Lumber Camp |
| 11:24 | Age | Feudal Age |
| 11:35 | Build | Market |
| 11:38 | Build | Blacksmith |
| 11:57 | Create | Villager (Male) |
| 12:00 | Create | Villager (Male) |
| 12:53 | Build | House |
| 12:54 | Build | House |
| 12:55 | Build | House |
| 13:31 | Create | Villager (Male) |
| 13:55 | Research | Castle Age |
| 14:09 | Build | Farm |
| 14:36 | Research | Double-Bit Axe |
| 14:36 | Research | Double-Bit Axe |
| 14:42 | Build | Farm |
| 14:43 | Build | Farm |
| 14:44 | Build | Farm |
| 14:45 | Build | Farm |
| 14:48 | Build | Farm |
| 15:59 | Create | Villager (Male) |
| 16:00 | Create | Villager (Male) |
| 16:18 | Build | Barracks |
| 16:36 | Age | Castle Age |
| 16:42 | Build | Town Center |
| 16:52 | Build | Town Center |
| 17:03 | Create | Villager (Male) |
| 17:15 | Research | Bow Saw |
| 17:34 | Build | Stable |
| 17:35 | Build | Stable |
| 17:37 | Build | Stable |
| 17:43 | Create | Villager (Male) |
| 18:09 | Create | Villager (Male) |
| 18:09 | Create | Villager (Male) |
| 18:37 | Build | Stable |
| 18:42 | Build | Farm |
| 18:48 | Create | Villager (Male) |
| 18:55 | Create | Villager (Male) |
| 19:12 | Build | Farm |
| 19:13 | Build | Farm |
| 19:14 | Build | Farm |
| 19:19 | Create | Villager (Male) |
| 19:35 | Build | Farm |
| 19:37 | Create | Villager (Male) |
| 19:37 | Create | Villager (Male) |
| 19:53 | Create | Knight |
| 20:12 | Build | Farm |
| 20:13 | Build | Farm |
| 20:25 | Create | Villager (Male) |
| 20:28 | Create | Villager (Male) |
| 20:47 | Create | Villager (Male) |
| 20:57 | Create | Villager (Male) |
| 21:06 | Create | Villager (Male) |
| 21:35 | Build | Monastery |
| 21:43 | Research | Stone Mining |
| 21:46 | Create | Villager (Male) |
| 21:49 | Create | Villager (Male) |
| 22:08 | Create | Villager (Male) |
| 22:11 | Create | Villager (Male) |
| 22:24 | Build | Farm |
| 22:25 | Build | Farm |
| 22:26 | Build | Farm |
| 22:32 | Build | Farm |
| 22:34 | Build | Farm |
| 22:35 | Build | Farm |
| 22:41 | Create | Monk |
| 22:48 | Create | Villager (Male) |
| 22:52 | Create | Villager (Male) |
| 22:55 | Create | Villager (Male) |
| 23:08 | Build | Farm |
| 23:09 | Build | Farm |
| 23:11 | Build | Farm |
| 23:19 | Create | Villager (Male) |
| 23:21 | Create | Villager (Male) |
| 23:24 | Create | Villager (Male) |
| 23:40 | Build | Castle |
| 23:45 | Create | Villager (Male) |
| 23:48 | Create | Villager (Male) |
| 23:51 | Create | Villager (Male) |
| 23:58 | Build | House |
| 24:00 | Build | House |
| 24:01 | Build | House |
| 24:02 | Build | House |
| 24:03 | Build | House |
| 24:04 | Build | House |
| 24:47 | Research | Husbandry |
| 24:52 | Create | Villager (Male) |
| 24:55 | Create | Villager (Male) |
| 24:55 | Create | Villager (Male) |
| 24:57 | Create | Villager (Male) |
| 24:58 | Create | Villager (Male) |
| 25:11 | Build | Mill |
| 25:16 | Build | Farm |
| 25:17 | Build | Farm |
| 25:18 | Build | Farm |
| 25:20 | Build | Farm |
| 25:22 | Build | Farm |
| 25:30 | Build | Farm |
| 25:31 | Build | Farm |
| 25:33 | Build | Farm |
| 25:34 | Build | Farm |
| 25:38 | Create | Villager (Male) ×5 |
| 25:43 | Create | Villager (Male) |
| 25:43 | Create | Villager (Male) |
| 25:46 | Create | Villager (Male) |
| 25:46 | Create | Villager (Male) |
| 26:04 | Create | Villager (Male) |
| 26:06 | Create | Villager (Male) |
| 26:06 | Create | Villager (Male) |
| 26:15 | Build | Farm |
| 26:16 | Build | Farm |
| 26:16 | Build | Farm |
| 26:19 | Build | Farm |
| 26:21 | Build | Farm |
| 26:41 | Build | Farm |
| 27:13 | Create | Villager (Male) |
| 27:35 | Research | Imperial Age |
| 27:40 | Create | Knight |
| 27:53 | Build | Farm |
| 27:54 | Build | Farm |
| 27:58 | Build | Farm |
| 27:59 | Build | Farm |
| 28:04 | Create | Villager (Male) |
Build order — Padre Ataulfo Remy
First 150 of 278 actions detected
| 0:01 | Create | Villager (Male) ×4 |
| 0:03 | Build | House |
| 0:04 | Build | House |
| 1:29 | Create | Villager (Male) |
| 1:29 | Create | Villager (Male) |
| 1:47 | Build | Lumber Camp |
| 2:01 | Create | Villager (Male) |
| 2:01 | Create | Villager (Male) |
| 2:29 | Create | Villager (Male) ×2 |
| 2:53 | Create | Villager (Male) |
| 2:53 | Create | Villager (Male) |
| 3:06 | Build | House |
| 3:35 | Create | Villager (Male) ×2 |
| 3:35 | Create | Villager (Male) ×2 |
| 3:35 | Create | Villager (Male) ×2 |
| 3:43 | Build | House |
| 4:09 | Create | Villager (Male) ×3 |
| 4:09 | Create | Villager (Male) ×3 |
| 4:10 | Create | Villager (Male) ×3 |
| 4:16 | Build | Mill |
| 5:43 | Build | House |
| 5:47 | Build | House |
| 5:48 | Create | Villager (Male) |
| 6:10 | Create | Villager (Male) |
| 6:11 | Create | Villager (Male) |
| 6:29 | Build | Lumber Camp |
| 6:43 | Create | Villager (Male) |
| 6:59 | Build | Farm |
| 7:10 | Build | Farm |
| 7:31 | Create | Villager (Male) |
| 7:43 | Create | Villager (Male) |
| 8:08 | Build | Mining Camp |
| 8:12 | Research | Feudal Age |
| 10:07 | Create | Villager (Male) |
| 10:07 | Create | Villager (Male) |
| 10:31 | Age | Feudal Age |
| 10:35 | Build | Market |
| 10:39 | Build | Blacksmith |
| 11:31 | Research | Castle Age |
| 11:45 | Research | Double-Bit Axe |
| 11:49 | Build | Farm |
| 11:55 | Build | Farm |
| 11:59 | Build | Farm |
| 12:03 | Build | Farm |
| 12:19 | Build | Farm |
| 12:26 | Research | Horse Collar |
| 12:46 | Build | Farm |
| 14:11 | Age | Castle Age |
| 14:15 | Create | Villager (Male) |
| 14:20 | Build | Monastery |
| 14:23 | Build | Town Center |
| 14:27 | Research | Bow Saw |
| 14:48 | Build | House |
| 14:50 | Build | House |
| 14:55 | Create | Monk |
| 15:38 | Create | Villager (Male) |
| 15:38 | Create | Villager (Male) |
| 15:46 | Create | Monk |
| 15:47 | Create | Villager (Male) ×5 |
| 16:11 | Build | Town Center |
| 16:39 | Create | Monk |
| 16:44 | Create | Villager (Male) ×5 |
| 17:51 | Create | Villager (Male) ×5 |
| 17:56 | Build | Farm |
| 17:56 | Build | Farm |
| 17:56 | Build | Farm |
| 17:58 | Build | Farm |
| 18:06 | Research | Heavy Plow |
| 18:28 | Build | Farm |
| 18:29 | Build | Farm |
| 18:32 | Build | Farm |
| 18:37 | Build | Farm |
| 18:42 | Build | Farm |
| 18:43 | Create | Villager (Male) ×2 |
| 18:46 | Create | Villager (Male) |
| 18:46 | Create | Villager (Male) |
| 18:46 | Create | Villager (Male) |
| 19:16 | Create | Villager (Male) ×2 |
| 19:22 | Build | Farm |
| 19:42 | Create | Villager (Male) ×3 |
| 19:47 | Build | House |
| 19:55 | Build | Farm |
| 19:59 | Build | Farm |
| 19:59 | Build | Farm |
| 19:59 | Build | Farm |
| 20:00 | Build | Farm |
| 20:00 | Build | Farm |
| 20:01 | Build | Farm |
| 20:02 | Build | Farm |
| 20:07 | Create | Villager (Male) |
| 20:07 | Create | Villager (Male) |
| 20:35 | Create | Villager (Male) |
| 20:35 | Create | Villager (Male) |
| 20:38 | Build | Farm |
| 20:41 | Build | House |
| 20:45 | Build | House |
| 20:53 | Build | House |
| 20:54 | Build | House |
| 21:21 | Create | Villager (Male) ×5 |
| 21:48 | Build | Town Center |
| 22:13 | Create | Villager (Male) ×5 |
| 22:19 | Build | House |
| 22:55 | Build | Town Center |
| 22:59 | Create | Villager (Male) |
| 23:00 | Create | Villager (Male) |
| 23:17 | Create | Villager (Male) ×5 |
| 23:19 | Build | House |
| 23:22 | Build | House |
| 23:26 | Research | Wheelbarrow |
| 23:37 | Build | Farm |
| 23:39 | Build | Farm |
| 23:40 | Build | Farm |
| 23:41 | Build | Farm |
| 23:51 | Create | Villager (Male) ×5 |
| 24:19 | Create | Villager (Male) ×5 |
| 24:29 | Build | Farm |
| 24:33 | Build | Farm |
| 24:52 | Research | Loom |
| 25:20 | Build | Siege Workshop |
| 25:21 | Create | Villager (Male) ×5 |
| 25:24 | Research | Hand Cart |
| 25:28 | Build | House |
| 25:29 | Build | House |
| 25:32 | Build | House |
| 25:33 | Build | House |
| 25:48 | Create | Villager (Male) ×5 |
| 25:57 | Build | Castle |
| 26:01 | Build | Mining Camp |
| 27:18 | Create | Villager (Male) ×5 |
| 27:29 | Research | Imperial Age |
| 27:37 | Build | Siege Workshop |
| 27:40 | Build | Siege Workshop |
| 27:42 | Build | Siege Workshop |
| 27:57 | Research | Nomads |
| 28:02 | Build | House |
| 28:04 | Build | House |
| 28:05 | Build | House |
| 28:08 | Research | Fletching |
| 28:08 | Research | Padded Archer Armor |
| 28:23 | Create | Scorpion |
| 28:23 | Create | Scorpion |
| 28:23 | Create | Scorpion |
| 28:23 | Create | Scorpion |
| 28:24 | Create | Scorpion |
| 28:25 | Create | Scorpion |
| 28:32 | Build | University |
| 28:40 | Create | Mangudai |
| 28:40 | Create | Mangudai |
| 28:40 | Create | Mangudai |
| 28:40 | Create | Mangudai |
Build order — 周三打老虎
First 150 of 409 actions detected
| 0:01 | Create | Villager (Male) |
| 0:02 | Create | Villager (Male) |
| 0:03 | Build | House |
| 0:05 | Build | House |
| 0:07 | Create | Villager (Male) |
| 0:07 | Create | Villager (Male) |
| 1:35 | Create | Villager (Male) |
| 1:36 | Create | Villager (Male) |
| 1:51 | Build | Lumber Camp |
| 2:06 | Create | Villager (Male) |
| 2:06 | Create | Villager (Male) |
| 2:18 | Create | Villager (Male) |
| 3:02 | Create | Villager (Male) |
| 3:02 | Create | Villager (Male) |
| 3:12 | Create | Villager (Male) |
| 3:13 | Create | Villager (Male) |
| 3:33 | Build | Mill |
| 3:46 | Create | Villager (Male) |
| 3:46 | Create | Villager (Male) |
| 3:59 | Build | House |
| 4:13 | Create | Villager (Male) |
| 4:14 | Create | Villager (Male) |
| 4:32 | Build | House |
| 4:49 | Create | Villager (Male) |
| 4:49 | Create | Villager (Male) |
| 4:49 | Create | Villager (Male) |
| 4:50 | Create | Villager (Male) |
| 4:57 | Build | House |
| 5:27 | Create | Villager (Male) |
| 5:39 | Create | Villager (Male) |
| 5:47 | Create | Villager (Male) |
| 5:47 | Create | Villager (Male) |
| 6:13 | Create | Villager (Male) |
| 6:13 | Create | Villager (Male) |
| 7:22 | Build | Mining Camp |
| 7:49 | Create | Villager (Male) |
| 8:17 | Research | Loom |
| 8:25 | Build | Mining Camp |
| 8:30 | Research | Feudal Age |
| 10:33 | Create | Villager (Male) |
| 10:33 | Create | Villager (Male) |
| 10:52 | Age | Feudal Age |
| 10:55 | Build | Market |
| 11:26 | Build | Blacksmith |
| 11:55 | Research | Castle Age |
| 11:55 | Research | Castle Age |
| 12:31 | Build | Farm |
| 12:32 | Build | Farm |
| 12:34 | Build | Farm |
| 12:48 | Build | Farm |
| 12:50 | Create | Villager (Male) |
| 13:23 | Research | Horse Collar |
| 13:34 | Build | Farm |
| 14:35 | Age | Castle Age |
| 14:39 | Create | Villager (Male) |
| 14:49 | Create | Villager (Male) |
| 14:55 | Research | Double-Bit Axe |
| 15:05 | Build | Castle |
| 15:15 | Build | House |
| 15:17 | Build | House |
| 15:18 | Build | House |
| 15:30 | Create | Villager (Male) |
| 15:36 | Build | Farm |
| 15:37 | Build | Farm |
| 15:38 | Build | Farm |
| 15:39 | Build | Farm |
| 15:53 | Build | Farm |
| 16:14 | Build | Farm |
| 16:16 | Create | Villager (Male) |
| 16:29 | Build | Farm |
| 16:36 | Create | Conquistador |
| 16:53 | Build | Farm |
| 17:07 | Create | Conquistador |
| 17:09 | Build | Lumber Camp |
| 17:12 | Create | Conquistador |
| 17:19 | Create | Villager (Male) |
| 17:20 | Create | Villager (Male) |
| 17:34 | Build | Farm |
| 17:39 | Create | Villager (Male) |
| 17:54 | Build | Farm |
| 17:55 | Create | Villager (Male) |
| 18:06 | Create | Conquistador |
| 18:06 | Create | Conquistador |
| 18:09 | Create | Villager (Male) |
| 18:10 | Create | Villager (Male) |
| 18:13 | Build | Farm |
| 18:16 | Build | Farm |
| 18:20 | Create | Villager (Male) |
| 18:45 | Build | Siege Workshop |
| 18:48 | Build | Farm |
| 18:49 | Create | Villager (Male) |
| 18:51 | Create | Conquistador |
| 18:51 | Create | Conquistador |
| 19:14 | Create | Conquistador |
| 19:14 | Create | Conquistador |
| 19:32 | Create | Villager (Male) |
| 19:33 | Research | Gold Mining |
| 19:43 | Create | Conquistador |
| 19:43 | Create | Conquistador |
| 19:51 | Create | Battering Ram |
| 19:51 | Create | Battering Ram |
| 19:58 | Create | Villager (Male) |
| 20:19 | Create | Villager (Male) |
| 20:27 | Build | Farm |
| 20:33 | Create | Battering Ram |
| 21:02 | Create | Battering Ram |
| 21:09 | Build | Farm |
| 21:10 | Create | Villager (Male) |
| 21:20 | Create | Conquistador |
| 21:39 | Create | Villager (Male) |
| 21:44 | Create | Conquistador |
| 21:44 | Create | Conquistador |
| 21:58 | Create | Villager (Male) |
| 21:58 | Create | Villager (Male) |
| 22:09 | Create | Conquistador |
| 22:09 | Create | Conquistador |
| 22:51 | Create | Conquistador |
| 23:01 | Create | Villager (Male) |
| 23:01 | Create | Villager (Male) |
| 23:01 | Create | Villager (Male) |
| 23:03 | Create | Villager (Male) |
| 23:08 | Create | Villager (Male) |
| 23:09 | Research | Stone Mining |
| 23:18 | Create | Conquistador |
| 23:37 | Create | Battering Ram |
| 24:02 | Create | Conquistador |
| 24:02 | Create | Conquistador |
| 24:14 | Create | Villager (Male) |
| 24:14 | Create | Villager (Male) |
| 24:38 | Create | Battering Ram |
| 24:41 | Create | Conquistador |
| 24:44 | Create | Villager (Male) |
| 24:44 | Create | Villager (Male) |
| 25:05 | Create | Villager (Male) |
| 25:59 | Create | Battering Ram |
| 26:00 | Create | Conquistador |
| 26:06 | Build | House |
| 26:06 | Build | House |
| 26:07 | Build | House |
| 26:07 | Build | House |
| 26:07 | Build | House |
| 26:07 | Build | House |
| 26:08 | Build | House |
| 26:11 | Build | House |
| 26:23 | Create | Conquistador |
| 26:53 | Create | Conquistador |
| 26:54 | Create | Conquistador |
| 27:05 | Create | Conquistador |
| 27:08 | Create | Villager (Male) |
| 27:08 | Create | Villager (Male) |
Build order — _Panelló
First 150 of 418 actions detected
| 0:03 | Build | House |
| 0:05 | Build | House |
| 0:10 | Create | Villager (Male) |
| 0:11 | Create | Villager (Male) |
| 0:11 | Create | Villager (Male) |
| 0:11 | Create | Villager (Male) |
| 0:11 | Create | Villager (Male) |
| 1:33 | Create | Villager (Male) |
| 1:33 | Create | Villager (Male) |
| 2:04 | Build | Lumber Camp |
| 2:06 | Create | Villager (Male) |
| 2:07 | Create | Villager (Male) |
| 2:30 | Create | Villager (Male) |
| 3:11 | Create | Villager (Male) |
| 3:11 | Create | Villager (Male) |
| 3:11 | Create | Villager (Male) |
| 3:55 | Create | Villager (Male) |
| 3:55 | Create | Villager (Male) |
| 4:04 | Build | House |
| 4:56 | Create | Villager (Male) |
| 4:56 | Create | Villager (Male) |
| 5:04 | Build | Mill |
| 5:11 | Create | Villager (Male) |
| 5:12 | Create | Villager (Male) |
| 6:02 | Create | Villager (Male) |
| 6:02 | Create | Villager (Male) |
| 6:02 | Create | Villager (Male) |
| 6:05 | Build | House |
| 6:18 | Create | Villager (Male) |
| 6:18 | Create | Villager (Male) |
| 7:00 | Create | Villager (Male) |
| 7:01 | Create | Villager (Male) |
| 7:55 | Create | Villager (Male) |
| 7:55 | Create | Villager (Male) |
| 9:14 | Build | House |
| 9:16 | Build | House |
| 9:24 | Create | Villager (Male) |
| 9:24 | Create | Villager (Male) |
| 10:16 | Research | Feudal Age |
| 10:36 | Create | Villager (Male) |
| 10:36 | Create | Villager (Male) |
| 10:46 | Build | Barracks |
| 12:30 | Age | Feudal Age |
| 12:52 | Build | Mining Camp |
| 13:03 | Create | Villager (Male) |
| 13:22 | Build | Blacksmith |
| 13:28 | Build | Stable |
| 13:36 | Build | House |
| 13:38 | Build | House |
| 13:39 | Build | House |
| 13:40 | Build | House |
| 13:42 | Build | House |
| 13:44 | Build | House |
| 13:57 | Build | Farm |
| 13:57 | Build | Farm |
| 13:57 | Build | Farm |
| 13:58 | Build | Farm |
| 14:32 | Build | Farm |
| 14:32 | Build | Farm |
| 14:37 | Build | Farm |
| 14:37 | Build | Farm |
| 14:45 | Research | Castle Age |
| 15:10 | Build | Mining Camp |
| 15:16 | Create | Villager (Male) |
| 15:16 | Create | Villager (Male) |
| 15:42 | Research | Double-Bit Axe |
| 16:00 | Research | Horse Collar |
| 16:05 | Build | Farm |
| 16:05 | Build | Farm |
| 16:05 | Build | Farm |
| 16:05 | Build | Farm |
| 16:15 | Create | Villager (Male) |
| 16:15 | Create | Villager (Male) |
| 16:51 | Create | Villager (Male) |
| 17:25 | Age | Castle Age |
| 17:37 | Research | Bow Saw |
| 17:40 | Research | Heavy Plow |
| 17:50 | Build | Town Center |
| 18:50 | Create | Villager (Male) |
| 18:51 | Create | Villager (Male) |
| 18:51 | Create | Villager (Male) |
| 19:22 | Create | Villager (Male) |
| 19:23 | Create | Villager (Male) |
| 19:23 | Create | Villager (Male) |
| 19:23 | Create | Villager (Male) |
| 19:23 | Create | Villager (Male) |
| 19:24 | Create | Villager (Male) |
| 19:50 | Create | Villager (Male) |
| 19:51 | Create | Villager (Male) |
| 20:00 | Build | Farm |
| 20:00 | Build | Farm |
| 20:01 | Build | Farm |
| 20:04 | Build | Farm |
| 20:08 | Create | Villager (Male) |
| 20:46 | Create | Villager (Male) |
| 20:46 | Create | Villager (Male) |
| 20:46 | Create | Villager (Male) |
| 20:54 | Research | Loom |
| 20:55 | Create | Villager (Male) |
| 20:55 | Create | Villager (Male) |
| 20:55 | Create | Villager (Male) |
| 20:56 | Create | Villager (Male) |
| 20:57 | Create | Villager (Male) |
| 21:12 | Build | Farm |
| 21:13 | Build | Farm |
| 21:13 | Build | Farm |
| 21:31 | Research | Bloodlines |
| 21:44 | Build | Stable |
| 21:45 | Build | Stable |
| 21:53 | Research | Husbandry |
| 22:05 | Create | Villager (Male) |
| 22:11 | Create | Villager (Male) |
| 22:12 | Create | Villager (Male) |
| 22:34 | Build | Town Center |
| 22:53 | Create | Camel Scout |
| 22:53 | Create | Camel Scout |
| 22:53 | Create | Camel Scout |
| 22:53 | Create | Camel Scout |
| 22:54 | Create | Camel Scout |
| 23:06 | Create | Camel Scout |
| 23:07 | Create | Camel Scout |
| 23:07 | Create | Camel Scout |
| 23:07 | Create | Camel Scout |
| 23:07 | Create | Camel Scout |
| 23:22 | Research | Forging |
| 23:22 | Research | Scale Barding Armor |
| 23:56 | Create | Camel Scout |
| 23:57 | Create | Camel Scout |
| 23:57 | Create | Camel Scout |
| 24:11 | Research | Scale Barding Armor |
| 24:15 | Create | Villager (Male) |
| 24:16 | Create | Villager (Male) |
| 24:33 | Create | Camel Scout |
| 24:33 | Create | Camel Scout |
| 25:04 | Create | Camel Scout |
| 25:05 | Create | Camel Scout |
| 25:05 | Create | Camel Scout |
| 25:05 | Create | Camel Scout |
| 25:05 | Create | Camel Scout |
| 25:12 | Create | Villager (Male) |
| 25:12 | Create | Villager (Male) |
| 25:16 | Build | Farm |
| 25:16 | Build | Farm |
| 25:16 | Build | Farm |
| 25:17 | Build | Farm |
| 25:17 | Build | Farm |
| 25:19 | Create | Villager (Male) |
| 25:20 | Create | Villager (Male) |
| 25:20 | Create | Villager (Male) |
| 26:04 | Create | Camel Scout ×5 |
Build order — titusgrossus
First 150 of 545 actions detected
| 0:03 | Create | Villager (Male) |
| 0:04 | Create | Villager (Male) |
| 0:04 | Create | Villager (Male) |
| 0:04 | Create | Villager (Male) |
| 0:04 | Create | Villager (Male) |
| 0:07 | Build | House |
| 0:09 | Build | House |
| 0:23 | Research | Loom |
| 1:35 | Create | Villager (Male) |
| 1:52 | Build | Lumber Camp |
| 2:32 | Create | Villager (Male) |
| 2:33 | Create | Villager (Male) |
| 2:33 | Create | Villager (Male) |
| 3:16 | Create | Villager (Male) |
| 3:16 | Create | Villager (Male) |
| 3:37 | Create | Villager (Male) |
| 3:37 | Create | Villager (Male) |
| 3:41 | Build | House |
| 4:28 | Create | Villager (Male) |
| 5:07 | Create | Villager (Male) |
| 5:08 | Create | Villager (Male) |
| 5:34 | Create | Villager (Male) |
| 5:35 | Create | Villager (Male) |
| 5:35 | Create | Villager (Male) |
| 5:41 | Build | House |
| 5:48 | Create | Villager (Male) |
| 5:48 | Create | Villager (Male) |
| 5:48 | Create | Villager (Male) |
| 7:00 | Build | Mill |
| 7:11 | Create | Villager (Male) |
| 7:23 | Create | Villager (Male) |
| 7:24 | Create | Villager (Male) |
| 7:27 | Create | Villager (Male) |
| 7:33 | Create | Villager (Male) |
| 7:47 | Build | House |
| 7:51 | Create | Villager (Male) |
| 7:52 | Create | Villager (Male) |
| 7:58 | Create | Villager (Male) |
| 8:08 | Create | Villager (Male) |
| 8:16 | Build | House |
| 8:22 | Create | Villager (Male) |
| 8:31 | Research | Feudal Age |
| 8:39 | Create | Villager (Male) |
| 8:53 | Build | Mining Camp |
| 9:45 | Create | Villager (Male) |
| 10:41 | Age | Feudal Age |
| 11:21 | Build | Market |
| 11:27 | Build | Blacksmith |
| 11:41 | Create | Villager (Male) |
| 11:46 | Build | Farm |
| 11:46 | Build | Farm |
| 12:35 | Build | Farm |
| 12:37 | Build | Farm |
| 12:42 | Research | Castle Age |
| 12:42 | Research | Castle Age |
| 12:50 | Build | Farm |
| 13:22 | Build | House |
| 13:25 | Build | House |
| 13:43 | Create | Villager (Male) |
| 13:44 | Create | Villager (Male) |
| 14:16 | Create | Villager (Male) |
| 14:16 | Create | Villager (Male) |
| 14:22 | Build | Lumber Camp |
| 14:46 | Build | Farm |
| 14:51 | Research | Double-Bit Axe |
| 14:54 | Research | Horse Collar |
| 15:10 | Create | Villager (Male) |
| 15:22 | Age | Castle Age |
| 15:23 | Create | Villager (Male) |
| 15:36 | Build | Monastery |
| 15:54 | Research | Heavy Plow |
| 16:16 | Create | Villager (Male) |
| 16:33 | Build | Town Center |
| 16:38 | Create | Monk |
| 16:43 | Create | Villager (Male) |
| 16:43 | Create | Villager (Male) |
| 17:05 | Build | Stone Wall |
| 17:13 | Create | Villager (Male) |
| 17:39 | Build | Barracks |
| 17:47 | Create | Villager (Male) |
| 18:01 | Build | Mining Camp |
| 18:03 | Create | Villager (Male) |
| 18:18 | Build | Farm |
| 18:18 | Build | Farm |
| 18:18 | Build | Farm |
| 18:18 | Build | Farm |
| 18:37 | Create | Villager (Male) |
| 18:51 | Build | Archery Range |
| 18:53 | Create | Monk |
| 18:59 | Create | Villager (Male) |
| 19:14 | Build | Stone Wall |
| 19:16 | Build | Stone Wall |
| 19:20 | Create | Villager (Male) |
| 19:29 | Create | Monk |
| 19:39 | Create | Archer |
| 19:39 | Create | Archer |
| 19:49 | Build | Town Center |
| 19:58 | Create | Villager (Male) |
| 19:58 | Create | Villager (Male) |
| 20:27 | Build | Stone Wall |
| 20:29 | Create | Villager (Male) |
| 20:29 | Create | Villager (Male) |
| 20:29 | Create | Villager (Male) |
| 20:34 | Create | Skirmisher |
| 20:34 | Create | Skirmisher |
| 20:35 | Create | Skirmisher |
| 20:35 | Create | Skirmisher |
| 20:57 | Build | Siege Workshop |
| 21:13 | Build | Stone Wall |
| 21:24 | Create | Villager (Male) |
| 21:25 | Create | Villager (Male) |
| 21:50 | Build | Stone Wall |
| 22:59 | Create | Archer |
| 22:59 | Create | Archer |
| 22:59 | Create | Archer |
| 22:59 | Create | Archer |
| 23:00 | Create | Archer |
| 23:00 | Create | Archer |
| 23:10 | Build | Archery Range |
| 23:19 | Create | Villager (Male) |
| 23:20 | Create | Villager (Male) |
| 23:28 | Research | Fletching |
| 23:28 | Research | Padded Archer Armor |
| 23:39 | Create | Battering Ram |
| 24:27 | Create | Villager (Male) |
| 24:27 | Create | Villager (Male) |
| 24:27 | Create | Villager (Male) |
| 24:34 | Create | Archer |
| 24:47 | Create | Mangonel |
| 25:16 | Build | House |
| 26:14 | Create | Villager (Male) |
| 26:14 | Create | Villager (Male) |
| 26:34 | Create | Archer |
| 26:34 | Create | Archer |
| 26:34 | Create | Archer |
| 26:35 | Create | Archer |
| 26:47 | Build | Town Center |
| 28:31 | Build | Stone Wall |
| 29:09 | Build | Farm |
| 29:47 | Build | Town Center |
| 30:30 | Build | Town Center |
| 30:52 | Build | Farm |
| 31:12 | Create | Villager (Male) |
| 31:12 | Create | Villager (Male) |
| 31:24 | Build | Castle |
| 31:40 | Create | Villager (Male) |
| 31:55 | Build | Farm |
| 31:55 | Build | Farm |
| 31:55 | Build | Farm |
| 31:56 | Build | Farm |
Build order — showkingguang
First 150 of 537 actions detected
| 0:02 | Build | House |
| 0:03 | Create | Villager (Male) |
| 0:03 | Create | Villager (Male) |
| 0:04 | Build | House |
| 0:22 | Create | Villager (Male) |
| 0:22 | Create | Villager (Male) |
| 1:34 | Create | Villager (Male) |
| 1:34 | Create | Villager (Male) |
| 1:50 | Build | Lumber Camp |
| 2:01 | Create | Villager (Male) |
| 2:01 | Create | Villager (Male) |
| 2:26 | Create | Villager (Male) |
| 2:26 | Create | Villager (Male) |
| 2:58 | Create | Villager (Male) |
| 3:19 | Build | House |
| 3:22 | Build | House |
| 3:25 | Create | Villager (Male) |
| 3:25 | Create | Villager (Male) |
| 3:47 | Create | Villager (Male) |
| 4:19 | Create | Villager (Male) |
| 4:19 | Create | Villager (Male) |
| 4:35 | Build | Mill |
| 4:47 | Create | Villager (Male) |
| 4:47 | Create | Villager (Male) |
| 4:47 | Create | Villager (Male) |
| 5:16 | Create | Villager (Male) |
| 5:16 | Create | Villager (Male) |
| 5:46 | Create | Villager (Male) |
| 6:03 | Create | Villager (Male) |
| 6:04 | Create | Villager (Male) |
| 6:38 | Create | Villager (Male) |
| 6:38 | Create | Villager (Male) |
| 6:38 | Create | Villager (Male) |
| 6:38 | Create | Villager (Male) |
| 6:59 | Create | Villager (Male) |
| 7:00 | Create | Villager (Male) |
| 8:07 | Research | Feudal Age |
| 8:32 | Build | Mining Camp |
| 8:53 | Build | Mill |
| 9:15 | Create | Villager (Male) |
| 9:15 | Create | Villager (Male) |
| 9:22 | Create | Villager (Male) |
| 9:22 | Create | Villager (Male) |
| 9:29 | Build | House |
| 9:30 | Build | House |
| 10:28 | Age | Feudal Age |
| 10:38 | Build | Market |
| 11:03 | Create | Villager (Male) |
| 11:34 | Create | Villager (Male) |
| 11:52 | Build | Blacksmith |
| 12:14 | Create | Villager (Male) |
| 12:44 | Research | Castle Age |
| 12:44 | Research | Castle Age |
| 12:56 | Build | Mining Camp |
| 13:05 | Build | Farm |
| 13:08 | Build | Farm |
| 13:16 | Research | Double-Bit Axe |
| 13:16 | Research | Double-Bit Axe |
| 14:12 | Research | Loom |
| 14:40 | Research | Stone Mining |
| 14:52 | Build | Farm |
| 15:16 | Build | Outpost |
| 15:24 | Age | Castle Age |
| 15:39 | Build | Town Center |
| 16:03 | Build | Siege Workshop |
| 16:06 | Create | Villager (Male) |
| 16:12 | Research | Town Watch |
| 16:12 | Create | Villager (Male) |
| 16:30 | Build | Lumber Camp |
| 16:45 | Create | Villager (Male) |
| 16:45 | Create | Villager (Male) |
| 17:01 | Build | Farm |
| 17:06 | Build | Farm |
| 17:16 | Build | Farm |
| 17:21 | Create | Villager (Male) |
| 17:47 | Create | Villager (Male) |
| 17:47 | Create | Villager (Male) |
| 18:03 | Build | Farm |
| 18:15 | Create | Villager (Male) |
| 18:28 | Build | Farm |
| 18:41 | Create | Mangonel |
| 18:46 | Create | Villager (Male) |
| 18:47 | Create | Villager (Male) |
| 19:03 | Build | Castle |
| 19:09 | Create | Villager (Male) |
| 19:19 | Build | House |
| 19:27 | Create | Villager (Male) |
| 19:27 | Create | Villager (Male) |
| 19:41 | Create | Villager (Male) |
| 20:04 | Create | Villager (Male) |
| 20:14 | Build | Farm |
| 20:15 | Build | Farm |
| 20:18 | Build | Farm |
| 20:20 | Build | Farm |
| 20:21 | Research | Horse Collar |
| 20:21 | Research | Horse Collar |
| 20:24 | Build | Farm |
| 20:26 | Build | Farm |
| 20:34 | Build | Farm |
| 20:41 | Build | House |
| 20:43 | Build | House |
| 20:53 | Create | Villager (Male) |
| 20:53 | Create | Villager (Male) |
| 21:08 | Build | Farm |
| 21:14 | Build | Farm |
| 21:15 | Create | Villager (Male) |
| 21:18 | Create | Villager (Male) |
| 21:38 | Create | Villager (Male) |
| 21:38 | Create | Villager (Male) |
| 21:43 | Build | Farm |
| 21:59 | Build | Farm |
| 21:59 | Build | Farm |
| 22:10 | Create | Villager (Male) |
| 22:11 | Create | Villager (Male) |
| 22:11 | Create | Villager (Male) |
| 22:11 | Create | Villager (Male) |
| 22:24 | Build | House |
| 22:24 | Build | House |
| 22:26 | Build | House |
| 22:32 | Build | Farm |
| 22:43 | Build | Farm |
| 23:06 | Create | Mangonel |
| 23:16 | Create | Villager (Male) |
| 23:17 | Create | Villager (Male) |
| 23:40 | Create | Mangonel |
| 23:53 | Build | University |
| 24:11 | Build | Stone Wall |
| 24:15 | Build | Gate |
| 24:37 | Research | Imperial Age |
| 24:39 | Create | Mangonel |
| 24:53 | Build | House |
| 24:54 | Build | House |
| 24:56 | Build | House |
| 24:58 | Build | House |
| 25:08 | Create | Mangonel |
| 25:21 | Research | Gold Mining |
| 25:22 | Research | Heavy Plow |
| 25:32 | Create | Villager (Male) |
| 25:32 | Create | Villager (Male) |
| 25:32 | Create | Villager (Male) |
| 25:33 | Create | Villager (Male) |
| 25:38 | Build | Farm |
| 25:40 | Build | Farm |
| 25:52 | Research | Fletching |
| 25:54 | Create | Genoese Crossbowman |
| 25:54 | Create | Genoese Crossbowman |
| 25:54 | Create | Genoese Crossbowman |
| 26:11 | Create | Genoese Crossbowman |
| 26:11 | Create | Genoese Crossbowman |
| 26:27 | Research | Fortified Wall (upgrade) |
Match timeline
| 10:28 | showkingguang · age_up feudal |
| 10:31 | Padre Ataulfo Remy · age_up feudal |
| 10:41 | titusgrossus · age_up feudal |
| 10:46 | _Panelló · first_building Barracks |
| 10:52 | 周三打老虎 · age_up feudal |
| 11:24 | 南极料理人 · age_up feudal |
| 12:30 | _Panelló · age_up feudal |
| 13:28 | _Panelló · first_building Stable |
| 14:11 | Padre Ataulfo Remy · age_up castle |
| 14:20 | Padre Ataulfo Remy · first_building Monastery |
| 14:35 | 周三打老虎 · age_up castle |
| 15:05 | 周三打老虎 · first_building Castle |
| 15:22 | titusgrossus · age_up castle |
| 15:24 | showkingguang · age_up castle |
| 15:36 | titusgrossus · first_building Monastery |
| 16:03 | showkingguang · first_building Siege Workshop |
| 16:18 | 南极料理人 · first_building Barracks |
| 16:36 | 南极料理人 · age_up castle |
| 16:48 | 周三打老虎 · first_market_buy 100 wood |
| 17:05 | titusgrossus · wall_segment Stone Wall x10 |
| 17:25 | _Panelló · age_up castle |
| 17:34 | 南极料理人 · first_building Stable |
| 17:39 | titusgrossus · first_building Barracks |
| 18:45 | 周三打老虎 · first_building Siege Workshop |
| 18:51 | titusgrossus · first_building Archery Range |
| 19:03 | showkingguang · first_building Castle |
| 19:14 | titusgrossus · wall_segment Stone Wall x4 |
| 19:16 | titusgrossus · wall_segment Stone Wall x3 |
| 19:37 | 周三打老虎 · first_market_sell 100 wood |
| 20:27 | titusgrossus · wall_segment Stone Wall x1 |
| 20:57 | titusgrossus · first_building Siege Workshop |
| 21:13 | titusgrossus · wall_segment Stone Wall x8 |
| 21:35 | 南极料理人 · first_building Monastery |
| 21:42 | Padre Ataulfo Remy · first_market_buy 100 stone |
| 21:50 | titusgrossus · wall_segment Stone Wall x2 |
| 22:25 | Padre Ataulfo Remy · tribute_sent a jugador 2 |
| 22:25 | Padre Ataulfo Remy · tribute_sent a jugador 3 |
| 22:25 | Padre Ataulfo Remy · tribute_sent a jugador 4 |
| 22:25 | Padre Ataulfo Remy · tribute_sent a jugador 5 |
| 22:25 | Padre Ataulfo Remy · tribute_sent a jugador 6 |
| 23:40 | 南极料理人 · first_building Castle |
| 24:11 | showkingguang · wall_segment Stone Wall x6 |
| 25:20 | Padre Ataulfo Remy · first_building Siege Workshop |
| 25:57 | Padre Ataulfo Remy · first_building Castle |
| 27:22 | showkingguang · wall_segment Stone Wall x6 |
| 27:47 | showkingguang · age_up imperial |
| 28:31 | titusgrossus · wall_segment Stone Wall x13 |
| 29:12 | 周三打老虎 · first_building Barracks |
| 29:53 | 周三打老虎 · first_building Stable |
| 30:43 | _Panelló · first_building Castle |
| 30:45 | 南极料理人 · age_up imperial |
| 30:53 | Padre Ataulfo Remy · age_up imperial |
| 31:24 | titusgrossus · first_building Castle |
| 32:34 | Padre Ataulfo Remy · first_building Barracks |
| 33:36 | titusgrossus · wall_segment Stone Wall x16 |
| 33:39 | titusgrossus · wall_segment Stone Wall x3 |
| 33:41 | titusgrossus · wall_segment Stone Wall x4 |
| 33:58 | Padre Ataulfo Remy · first_building Stable |
| 34:39 | Padre Ataulfo Remy · first_building Archery Range |
| 34:45 | Padre Ataulfo Remy · tribute_sent a jugador 2 |
| 34:45 | Padre Ataulfo Remy · tribute_sent a jugador 3 |
| 34:45 | Padre Ataulfo Remy · tribute_sent a jugador 4 |
| 34:45 | Padre Ataulfo Remy · tribute_sent a jugador 5 |
| 34:45 | Padre Ataulfo Remy · tribute_sent a jugador 6 |
| 35:56 | Padre Ataulfo Remy · tribute_sent a jugador 2 |
| 35:56 | Padre Ataulfo Remy · tribute_sent a jugador 3 |
| 35:56 | Padre Ataulfo Remy · tribute_sent a jugador 4 |
| 35:56 | Padre Ataulfo Remy · tribute_sent a jugador 5 |
| 35:56 | Padre Ataulfo Remy · tribute_sent a jugador 6 |
| 36:48 | Padre Ataulfo Remy · first_market_sell 100 food |
| 38:00 | _Panelló · age_up imperial |
| 39:07 | titusgrossus · wall_segment Stone Wall x10 |
| 39:07 | 南极料理人 · first_market_sell 100 food |
| 40:30 | showkingguang · first_building Barracks |
| 41:10 | 周三打老虎 · age_up imperial |
| 41:16 | titusgrossus · wall_segment Stone Wall x7 |
| 41:43 | Padre Ataulfo Remy · tribute_sent a jugador 2 |
| 41:43 | Padre Ataulfo Remy · tribute_sent a jugador 3 |
| 41:43 | Padre Ataulfo Remy · tribute_sent a jugador 4 |
| 41:43 | Padre Ataulfo Remy · tribute_sent a jugador 5 |
| 41:43 | Padre Ataulfo Remy · tribute_sent a jugador 6 |
| 42:40 | Padre Ataulfo Remy · tribute_sent a jugador 2 |
| 42:40 | Padre Ataulfo Remy · tribute_sent a jugador 3 |
| 42:40 | Padre Ataulfo Remy · tribute_sent a jugador 4 |
| 42:40 | Padre Ataulfo Remy · tribute_sent a jugador 5 |
| 42:40 | Padre Ataulfo Remy · tribute_sent a jugador 6 |
| 42:49 | showkingguang · wall_segment Stone Wall x4 |
| 43:47 | showkingguang · first_building Stable |
| 44:06 | titusgrossus · age_up imperial |
| 44:31 | Padre Ataulfo Remy · tribute_sent a jugador 2 |
| 44:31 | Padre Ataulfo Remy · tribute_sent a jugador 3 |
| 44:31 | Padre Ataulfo Remy · tribute_sent a jugador 4 |
| 44:31 | Padre Ataulfo Remy · tribute_sent a jugador 5 |
| 44:31 | Padre Ataulfo Remy · tribute_sent a jugador 6 |
| 45:16 | titusgrossus · wall_segment Stone Wall x7 |
| 45:34 | Padre Ataulfo Remy · tribute_sent a jugador 2 |
| 45:34 | Padre Ataulfo Remy · tribute_sent a jugador 3 |
| 45:34 | Padre Ataulfo Remy · tribute_sent a jugador 4 |
| 45:34 | Padre Ataulfo Remy · tribute_sent a jugador 5 |
| 45:34 | Padre Ataulfo Remy · tribute_sent a jugador 6 |
| 47:41 | Padre Ataulfo Remy · tribute_sent a jugador 2 |
| 47:41 | Padre Ataulfo Remy · tribute_sent a jugador 3 |
| 47:41 | Padre Ataulfo Remy · tribute_sent a jugador 4 |
| 47:41 | Padre Ataulfo Remy · tribute_sent a jugador 5 |
| 47:41 | Padre Ataulfo Remy · tribute_sent a jugador 6 |
| 48:15 | _Panelló · wall_segment Stone Wall x1 |
| 48:15 | _Panelló · wall_segment Stone Wall x1 |
| 52:29 | Padre Ataulfo Remy · tribute_sent a jugador 2 |
| 52:29 | Padre Ataulfo Remy · tribute_sent a jugador 3 |
| 52:29 | Padre Ataulfo Remy · tribute_sent a jugador 4 |
| 52:29 | Padre Ataulfo Remy · tribute_sent a jugador 5 |
| 52:29 | Padre Ataulfo Remy · tribute_sent a jugador 6 |
| 52:38 | Padre Ataulfo Remy · tribute_sent a jugador 2 |
| 52:38 | Padre Ataulfo Remy · tribute_sent a jugador 3 |
| 52:38 | Padre Ataulfo Remy · tribute_sent a jugador 4 |
| 52:38 | Padre Ataulfo Remy · tribute_sent a jugador 5 |
| 52:38 | Padre Ataulfo Remy · tribute_sent a jugador 6 |
| 53:23 | _Panelló · first_market_sell 100 wood |
| 54:46 | _Panelló · wall_segment Stone Wall x4 |
| 55:02 | Padre Ataulfo Remy · tribute_sent a jugador 2 |
| 55:02 | Padre Ataulfo Remy · tribute_sent a jugador 3 |
| 55:02 | Padre Ataulfo Remy · tribute_sent a jugador 4 |
| 55:02 | Padre Ataulfo Remy · tribute_sent a jugador 5 |
| 55:02 | Padre Ataulfo Remy · tribute_sent a jugador 6 |
| 55:12 | Padre Ataulfo Remy · tribute_sent a jugador 2 |
| 55:12 | Padre Ataulfo Remy · tribute_sent a jugador 3 |
| 55:12 | Padre Ataulfo Remy · tribute_sent a jugador 4 |
| 55:12 | Padre Ataulfo Remy · tribute_sent a jugador 5 |
| 55:12 | Padre Ataulfo Remy · tribute_sent a jugador 6 |
| 56:24 | Padre Ataulfo Remy · tribute_sent a jugador 2 |
| 56:24 | Padre Ataulfo Remy · tribute_sent a jugador 3 |
| 56:24 | Padre Ataulfo Remy · tribute_sent a jugador 4 |
| 56:24 | Padre Ataulfo Remy · tribute_sent a jugador 5 |
| 56:24 | Padre Ataulfo Remy · tribute_sent a jugador 6 |
| 56:38 | Padre Ataulfo Remy · tribute_sent a jugador 2 |
| 56:38 | Padre Ataulfo Remy · tribute_sent a jugador 3 |
| 56:38 | Padre Ataulfo Remy · tribute_sent a jugador 4 |
| 56:38 | Padre Ataulfo Remy · tribute_sent a jugador 5 |
| 56:38 | Padre Ataulfo Remy · tribute_sent a jugador 6 |
| 58:22 | Padre Ataulfo Remy · tribute_sent a jugador 2 |
| 58:22 | Padre Ataulfo Remy · tribute_sent a jugador 3 |
| 58:22 | Padre Ataulfo Remy · tribute_sent a jugador 4 |
| 58:22 | Padre Ataulfo Remy · tribute_sent a jugador 5 |
| 58:22 | Padre Ataulfo Remy · tribute_sent a jugador 6 |
| 60:41 | Padre Ataulfo Remy · tribute_sent a jugador 2 |
| 60:41 | Padre Ataulfo Remy · tribute_sent a jugador 3 |
| 60:41 | Padre Ataulfo Remy · tribute_sent a jugador 4 |
| 60:41 | Padre Ataulfo Remy · tribute_sent a jugador 5 |
| 60:41 | Padre Ataulfo Remy · tribute_sent a jugador 6 |
| 61:43 | showkingguang · resign |
[ AI ANALYSIS · 1 CREDIT ]
What really happened in this match?
Wolo.gg analyzes every decision: build order, eco, micro, common mistakes by bracket. Personalized analysis on WhatsApp or Discord in 30 seconds.
Civ guide
Franks
Map guide
Arena
Perfil
Jugador #1574604